 Dungeon Crawl Stone Soup version 0.31-a0-441-g867994ef1c (webtiles) character file.

Game seed: 8308207205056132483

1290 Dirtsage the Changeling (level 8, -10/55 HPs)
             Began as an Octopode Shapeshifter on Aug 2, 2023.
             Mangled by a gnoll
             ... wielding a +0 halberd
             ... led by a gnoll bouda
              (16 damage)
             ... on level 5 of the Dungeon.
             The game lasted 00:11:51 (4490 turns).

Dirtsage the Changeling (Octopode Shapeshifter)     Turns: 4490, Time: 00:11:51

Health: -10/55     AC:  1    Str: 17    XL:     8   Next: 55%
Magic:  17/17      EV: 13    Int: 16    God:
Gold:   294        SH:  0    Dex: 12    Spells: 7/7 levels left

rFire   . .          .
                       - Unarmed
rCold   . . .        (no shield)
rNeg    . . .        (helmet currently unavailable)
rPois   .            (no amulet)
rElec   .            W - ring of wizardry
rCorr   .            g - ring of magical power
SInv    .            p - +6 ring of intelligence
Will    .....        (no ring)
Stlth   ++           (no ring)
HPRegen 0.29/turn    (no ring)
MPRegen 0.15/turn    (no ring)
                     (no ring)

%: wizardry (x1)
@: beast-form
A: beast (slay +4), almost no armour, amphibious, 8 rings, camouflage 1,
gelatinous body 1, (nimble swimmer 1), tentacles
a: Begin Untransformation


You were on level 5 of the Dungeon.
You were a hulking beast.
You visited 1 branch of the dungeon, and saw 8 of its levels.
You also visited: Sewer.

You collected 294 gold pieces.

Inventory:

Magical Staves
 f - a staff of air
Jewellery
 g - a ring of magical power (right tentacle)
 p - a +6 ring of intelligence (on tentacle)
 W - a ring of wizardry (left tentacle)
Talismans
 a - a beast talisman (active)
Wands
 n - a wand of quicksilver (9)
Scrolls
 d - a scroll of amnesia {unknown}
 i - 2 scrolls of identify
 k - a scroll of immolation {unknown}
 l - 3 scrolls of fear {unknown}
 m - a scroll of vulnerability {unknown}
 o - a scroll of fog {unknown}
 s - a scroll of blinking {unknown}
 t - a scroll of teleportation
 u - a scroll of enchant armour {unknown}
 v - a scroll of enchant weapon {unknown}
 w - a scroll of acquirement {unknown}
Potions
 c - 6 potions of enlightenment
 e - 2 potions of cancellation {unknown}
 h - 2 potions of attraction
 j - a potion of ambrosia {unknown}
 r - a potion of haste {unknown}


   Skills:
 + Level 5.0 Fighting
 - Level 2.0 Dodging
 + Level 5.8 Unarmed Combat
 * Level 6.7 Shapeshifting


You had 7 spell levels left.
You didn't know any spells.
Your spell library contained the following spells:

 Spells                   Type           Power      Damage    Failure   Level
 Summon Small Mammal      Summ           0%         N/A       11%         1
 Ensorcelled Hibernation  Hex/Ice        0%         N/A       16%         2
 Passwall                 Tmut/Erth      0%         N/A       16%         2
 Call Canine Familiar     Summ           0%         N/A       28%         3
 Summon Guardian Golem    Hex/Summ       0%         N/A       28%         3
 Swiftness                Air            0%         N/A       28%         3


Dungeon Overview and Level Annotations

Branches:
Dungeon (8/15)              Sewer (visited)
 Temple: D:4-7         Lair: D:8-11

Altars:
Ashenzari

Shops:
D:6 [

Annotations:
D:4 exclusion: ogre, Pikel
D:8 Joseph, Maggie


Innate Abilities, Weirdness & Mutations

You are a hulking beast.
Your limbs bulge with bestial killing power. (Slay +4)
You cannot wear most types of armour.
You are amphibious.
You can wear up to eight rings at the same time.
Your skin changes colour to match your surroundings (Stealth+).
Your rubbery body absorbs attacks. (AC +1, EV +1)
((You are camouflaged when in or above water. (Stealth+)))
You have tentacles for arms and can constrict up to eight enemies at once.


Message History

A gnoll comes into view. It is wielding a +0 halberd.
You regained 2 hp, and now have 53/54 hp.
Items here: ) †††.
Health restored: 54 A centaur comes into view.
The centaur shouts!
The centaur wields a +0 orcbow.
The centaur shoots an arrow.
The arrow hits you.
You take 4 damage, and have 50/54 hp.
The centaur shoots an arrow.
The arrow completely misses you.
The centaur shoots an arrow.
The arrow hits you.
You take 6 damage, and have 45/54 hp.
The centaur unwields a +0 orcbow.
The centaur barely misses you. x2
You bludgeon the centaur!
The centaur is heavily wounded.
The centaur hits you. The centaur kicks you.
You take 8 damage, and have 37/54 hp.
You bludgeon the centaur!
The centaur is severely wounded.
The centaur barely misses you. The centaur kicks you.
The gnoll closely misses you.
You take 3 damage, and have 34/54 hp.
You barely miss the centaur.
The centaur is severely wounded.
The centaur hits you! The centaur closely misses you.
The gnoll hits you from afar with a +0 halberd!
The centaur barely misses you. The centaur misses you.
You take 15 damage, and have 19/54 hp.
MASSIVE DAMAGE!!
You bludgeon the centaur!
You kill the centaur!
The gnoll hits you from afar with a +0 halberd!
* * * LOW HITPOINT WARNING * * *
Your Fighting skill increases to level 5!
You take 17 damage, and have 2/55 hp.
MASSIVE DAMAGE!!
You feel better.
The gnoll hits you from afar with a +0 halberd!
* * * LOW HITPOINT WARNING * * *
You regained 3 hp, and now have 6/55 hp.
The gnoll hits you with a +0 halberd!
You die...

#.###.###.#
#.........#
#####.#####
#.####
#.##.##
#.#=..####
...
#........+
...
#.#...####
..h.
#h##.####
....
#.g.....#
....#
#######.#
#.....
##)####....#
#.>†...g..#
#..##....##
#.......#.#
#.###..## [#
#. #.#. .#


You could see a gnoll.

Vanquished Creatures
  Sigmund (D:3)
  A yak (D:5)
  An ogre (D:5)
  A centaur (D:5)
  A phantom (D:5)
  2 bullfrogs
  3 hounds
  2 orc priests
  A jelly (D:5)
  3 iguanas
  Terence (D:3)
  2 orc wizards
  A gnoll (D:1)
  11 adders
  6 river rats (Sewer)
  A shadow imp (D:6)
  5 worms (Sewer)
  4 dart slugs
  9 orcs
  5 endoplasms
  7 giant cockroaches
  2 goblins
  7 hobgoblins
  3 jackals (Sewer)
  7 quokkas
  10 ball pythons
  13 bats
  5 frilled lizards
  2 kobolds
  5 rats
122 creatures vanquished.

Notes
Turn   | Place    | Note
-------+----------+-------------------------------------------
     0 | D:1      | Dirtsage the Octopode Shapeshifter began the quest for the
                  | Orb.
     0 | D:1      | Reached XP level 1. HP: 13/13 MP: 1/1
   135 | D:1      | Reached XP level 2. HP: 18/18 MP: 2/2
   268 | D:1      | Reached XP level 3. HP: 23/23 MP: 3/3
  1338 | D:2      | Found a faded altar of an unknown god.
  1366 | D:2      | Reached XP level 4. HP: 25/29 MP: 4/4
  1734 | D:3      | Noticed Terence
  1741 | D:3      | Killed Terence
  2057 | D:3      | Reached skill level 4 in Shapeshifting
  2081 | D:3      | Reached XP level 5. HP: 35/35 MP: 5/5
  2203 | D:3      | Noticed Sigmund
  2275 | D:3      | Killed Sigmund
  2276 | D:3      | Reached XP level 6. HP: 42/42 MP: 6/6
  2466 | D:3      | Identified the +6 spear of Fate {heavy, rC- Int+4 Stlth-}
  3047 | D:4      | Reached skill level 5 in Shapeshifting
  3049 | D:4      | Noticed a black bear
  3117 | D:4      | Noticed Pikel
  3138 | D:5      | Entered Level 5 of the Dungeon
  3191 | D:5      | You fall into a shaft and drop 3 floors!
  3198 | D:8      | Noticed Maggie
  3213 | D:8      | Noticed Joseph
  3270 | D:7      | Reached XP level 7. HP: 29/46 MP: 7/7
  3359 | D:7      | Found a broken altar of Ashenzari.
  3429 | D:6      | Found Guomosan's Armour Boutique.
  3436 | D:6      | Found a glowing drain.
  3512 | Sewer    | Entered a sewer
  4001 | Sewer    | Reached skill level 5 in Unarmed Combat
  4330 | D:5      | Reached skill level 6 in Shapeshifting
  4330 | D:5      | Reached XP level 8. HP: 46/54 MP: 8/8
  4372 | D:5      | Noticed a yak
  4386 | D:5      | Killed a yak
  4487 | D:5      | HP: 2/54 [gnoll/+0 halberd[a gnoll bouda] (17)]
  4488 | D:5      | Reached skill level 5 in Fighting
  4490 | D:5      | Mangled by a gnoll

Illustrated notes

Levels and vault maps discovered:
D:1:      minmay_arrival_loop, layout_loops_corners, serial_park_tiny_1
D:2:      layout_rooms, shapermc_ecumenical_altar_starsandcircs,
          grunt_ministairs_5, minmay_misc_feat_alley
D:3:      layout_basic, uniq_sigmund, uniq_terence
D:4:      layout_loops_ring, uniq_pikel, uniq_eustachio
D:5:      layout_loops_corners, minmay_manual_mail
D:6:      layout_loops_ring, okawaru_trees_1, amcnicky_altar_gilded,
          serial_shops, nicolae_shop_tiny_statue_garden, portal_sewer_entry_d
D:7:      layout_rooms, kennysheep_mini, nicolae_vehumet_altar_sigil,
          minmay_temple_entry_mist
D:8:      layout_cave_pods, bh_walls_and_bars, uniq_maggie, uniq_joseph

Skill      XL: |  1  2  3  4  5  6  7  8 |
---------------+-------------------------+-----
Fighting       | 2 3 4 5 |  5.0
Shapeshifting  | 4 5 6 |  6.7
Unarmed Combat | 4 5 |  5.8
Dodging        | |  2.0

Action                     |  1- 3 |  4- 6 |  7- 9 || total
---------------------------+-------+-------+-------++-------
  Melee: Unarmed           |    60 |    62 |   119 ||   241
         Constrict         |    16 |    13 |    31 ||    60
         Tentacles         |    13 |    12 |    20 ||    45
         Punch             |     3 |     2 |     3 ||     8
    Use: Potion            |       |     1 |     2 ||     3
         Scroll            |       |     4 |       ||     4
   Stab: Sleeping          |    10 |     8 |     8 ||    26
 Armour: Skin              |     9 |     3 |    13 ||    25
  Dodge: Dodged            |    22 |    30 |    71 ||   123

Table legend: (Time is in decaauts)
 A = Elapsed time spent in this place.
 B = Non-inter-level travel time spent in this place.
 C = Inter-level travel time spent in this place.
 D = Time resting spent in this place.
 E = Time spent auto-exploring this place.
 F = Levels seen in this place.
 G = Mean time per level.
                   A        B        C        D        E       F      G
               +--------+--------+--------+--------+--------+-----+--------+
         Total |   4467 |   4353 |    114 |    256 |   3207 |   9 |  496.3 |
       Dungeon |   3793 |   3679 |    114 |    256 |   2711 |   8 |  474.1 |
         Sewer |    674 |    674 |      0 |      0 |    496 |   1 |  674.0 |
               +--------+--------+--------+--------+--------+-----+--------+

Top non-repeatable levels by time:
     D:1: 1036 daAuts
     D:3: 1034 daAuts
     D:2: 724 daAuts
   Sewer: 674 daAuts
     D:4: 333 daAuts
     D:5: 252 daAuts
     D:6: 195 daAuts
     D:7: 143 daAuts
     D:8: 72 daAuts
